 Dungeon Crawl Stone Soup version 0.26.0-16-gc1dbca0489 (webtiles) character file.

Game seed: 17808692729771149802

31 leafyfresh the Magician (level 3, -1/25 HPs)
             Began as a Gnoll Hedge Wizard on Jan 18, 2021.
             Slain by a mummy (14 damage)
             ... in an ossuary.
             The game lasted 00:04:06 (2615 turns).

leafyfresh the Magician (Gnoll Hedge Wizard)        Turns: 2615, Time: 00:04:07

Health: -1/25      AC:  2    Str: 12    XL:     3   Next: 22%
Magic:  0/11       EV: 14    Int: 17    God:
Gold:   88         SH:  5    Dex: 14    Spells: 15/16 levels left

rFire    . . .     SeeInvis .   h - +0 whip
rCold    . . .     Faith    .   (no shield)
rNeg     . . .     Spirit   .   b - +0 robe
rPois    .         Reflect  +   c - +0 hat
rElec    .         Harm     .   (no cloak)
rCorr    .         Rampage  .   (no gloves)
Will     +....                  (no boots)
Stlth    +++.......             i - amulet of reflection
HPRegen  0.08/turn              g - ring of willpower
MPRegen  0.12/turn              (no ring)

@: no status effects
A: distributed training, fangs 1, strong nose
a: no special abilities


You were in an ossuary.
You visited 1 branch of the dungeon, and saw 3 of its levels.
You also visited: Ossuary.

You collected 88 gold pieces.

Inventory:

Hand Weapons
 a - a +0 dagger
 h - a +0 whip (weapon)
Armour
 b - a +0 robe (worn)
 c - a +0 hat (worn)
 d - a +0 plate armour
Jewellery
 g - a ring of willpower (left hand)
 i - an amulet of reflection (around neck)
 k - an uncursed ring of poison resistance {unknown}
Scrolls
 j - 3 scrolls of identify {unknown}
 l - a scroll of fog {unknown}
 n - 3 scrolls of teleportation {unknown}
 o - a scroll of noise {unknown}
Potions
 e - 3 potions of curing {unknown}
 f - a potion of magic {unknown}
 m - a potion of attraction {unknown}


   Skills:
 + Level 0.7 Fighting
 + Level 0.7 Short Blades
 + Level 0.7 Long Blades
 + Level 0.7 Axes
 + Level 0.7 Maces & Flails
 + Level 0.7 Polearms
 + Level 0.7 Staves
 + Level 0.7 Slings
 + Level 0.7 Bows
 + Level 0.7 Crossbows
 + Level 0.7 Throwing
 + Level 0.7 Armour
 + Level 4.5 Dodging
 + Level 4.1 Stealth
 + Level 0.7 Shields
 + Level 0.7 Unarmed Combat
 + Level 7.1 Spellcasting
 + Level 2.1 Conjurations
 + Level 0.5 Hexes
 + Level 2.1 Summonings
 + Level 0.5 Necromancy
 + Level 2.1 Translocations
 + Level 0.5 Transmutations
 + Level 0.5 Fire Magic
 + Level 0.5 Ice Magic
 + Level 0.5 Air Magic
 + Level 0.5 Earth Magic
 + Level 0.5 Poison Magic
 + Level 0.9 Invocations
 + Level 0.7 Evocations


You had 15 spell levels left.
You knew the following spells:

 Your Spells              Type           Power        Failure   Level
a - Magic Dart            Conj           52%          4%          1

Your spell library contained the following spells:

 Spells                   Type           Power        Failure   Level
 Blink                    Tloc           N/A          7%          2
 Call Imp                 Summ           13%          7%          2
 Slow                     Hex            7%           14%         2
 Conjure Flame            Conj/Fire      10%          21%         3
 Mephitic Cloud           Conj/Pois/Air  9%           22%         3


Dungeon Overview and Level Annotations

Branches:
Dungeon (2/15)            Ossuary (1/1)

Altars:
Ashenzari
Makhleb
Qazlal
Trog

Annotations:
D:2 2 transporters


Innate Abilities, Weirdness & Mutations

Your experience applies equally to all skills.
You have very sharp teeth.
Your uncanny sense of smell can sniff out nearby items.


Message History

Aim: a centaur zombie (almost destroyed, 0% to evade)
The magic dart hits the mummy but does no damage.
Casting: Magic Dart (safe; 4% risk of failure)
Confirm with . or Enter, or press ? or * to list all spells.
You don't have enough magic to cast that spell.
Unknown command.
Casting: Magic Dart (safe; 4% risk of failure)
Confirm with . or Enter, or press ? or * to list all spells.
Okay, then.
You closely miss the mummy. You hit the mummy. You bite the mummy.
The mummy is moderately damaged.
The mummy hits you!
You barely miss the mummy.
The mummy is moderately damaged.
You hit the mummy.
The mummy is heavily damaged.
The mummy hits you!
Ouch! That really hurt!
You die... ###.### ##.....## #.......# ....... .....
ZZZ

#M# #@#
###.###
##.....##
#.......#
##...∩...##
+...∩∩∩...+
##...∩...##
#.......#
##.....##


You could see a mummy, an elf zombie, a centaur zombie and a human zombie.

Vanquished Creatures
  An adder (D:2)
  2 dart slugs (D:1)
  3 giant cockroaches
  2 hobgoblins (D:1)
  2 jackals (D:1)
  3 bats (D:1)
  A frilled lizard (D:1)
  2 kobolds (D:1)
  3 rats
19 creatures vanquished.

Notes
Turn   | Place    | Note
-------+----------+-------------------------------------------
     0 | D:1      | leafyfresh the Gnoll Hedge Wizard began the quest for the
                  | Orb.
     0 | D:1      | Reached XP level 1. HP: 13/13 MP: 8/8
   727 | D:1      | Reached XP level 2. HP: 11/19 MP: 10/10
  1668 | D:1      | Found a broken altar of Ashenzari.
  2275 | D:2      | Noticed an ogre
  2276 | D:2      | Found a burning altar of Makhleb.
  2277 | D:2      | Found a transporter.
  2278 | D:2      | Noticed a black bear
  2339 | D:2      | Found a bloodstained altar of Trog.
  2366 | D:2      | Noticed a bullfrog
  2367 | D:2      | Found a transporter.
  2433 | D:2      | Found a stormy altar of Qazlal.
  2448 | D:2      | Reached XP level 3. HP: 17/25 MP: 5/11
  2571 | D:2      | You fall into a shaft and drop 2 floors!
  2588 | D:4      | Found a sand-covered staircase.
  2593 | Ossuary  | Entered an ossuary
  2615 | Ossuary  | Slain by a mummy

Illustrated notes

Levels and vault maps discovered:
D:1:      dpeg_arrival_snail, layout_basic, evilmike_ruin_ashenzari
D:2:      layout_basic, lemuel_doored_altar, gammafunk_temple_overflow_arena
D:4:      layout_loops_corners, grunt_temple_overflow_open, enter_ossuary_2
Ossuary:  ossuary_minmay_four_chambers

Skill      XL: |  1 |
---------------+----+-----
Conjurations   | 2 |  2.1
Summonings     | 2 |  2.1
Translocations | 2 |  2.1
Fighting       | |  0.7
Short Blades   | |  0.7
Long Blades    | |  0.7
Axes           | |  0.7
Maces & Flails | |  0.7
Polearms       | |  0.7
Staves         | |  0.7
Slings         | |  0.7
Bows           | |  0.7
Crossbows      | |  0.7
Throwing       | |  0.7
Armour         | |  0.7
Dodging        | |  4.5
Stealth        | |  4.1
Shields        | |  0.7
Unarmed Combat | |  0.7
Spellcasting   | |  7.1
Hexes          | |  0.5
Necromancy     | |  0.5
Transmutations | |  0.5
Fire Magic     | |  0.5
Ice Magic      | |  0.5
Air Magic      | |  0.5
Earth Magic    | |  0.5
Poison Magic   | |  0.5
Invocations    | |  0.9
Evocations     | |  0.7

Action                   || total
-------------------------++-------
Melee: Whip              ||    82
       Bite              ||    12
 Cast: Magic Dart        ||    22
 Stab: Sleeping          ||     2
Armor: Robe              ||    22
Dodge: Dodged            ||    83
Block: Other             ||    13
